 Dungeon Crawl Stone Soup version 0.17.0-24-gcfadda4 (webtiles) character file.

608 vatarom the Changer (level 7, -1/60 HPs)
             Began as a Red Draconian Transmuter on Nov 17, 2015.
             Was an Initiate of Makhleb.
             Killed from afar by Dowan (22 damage)
             ... with a shard of ice
             ... on level 4 of the Dungeon.
             The game lasted 00:07:39 (4019 turns).

vatarom the Changer (Red Draconian Transmuter)      Turns: 4019, Time: 00:07:39

Health: -1/60      AC:  2    Str: 12    XL:     7   Next: 19%
Magic:  7/10       EV: 20    Int: 15    God:    Makhleb [......]
Gold:   159        SH:  0    Dex: 17    Spells: 2 memorised, 6 levels left

rFire  . . .     SeeInvis .       - Unarmed
rCold  . . .     Clarity  .     (armour unavailable)
rNeg   + . .     SustAt   +     (shield currently unavailable)
rPois  x         Gourm    .     (helmet currently unavailable)
rElec  .         Spirit   .     (cloak currently unavailable)
rCorr  .         Warding  .     (gloves currently unavailable)
rMut   .         Stasis   .     (boots currently unavailable)
MR     .....                    (no amulet)
Stlth  ++........               o - ring of sustain attributes
                                g - ring of positive energy

@: spider-form (expiring), slowed, very slow, not resistant to hostile
enchantments, unstealthy
A: (breathe fire), unfitting armour, (fire resistance 0), (cold-blooded), AC +6
a: End Transformation, Renounce Religion


You were on level 4 of the Dungeon.
You worshipped Makhleb.
Makhleb was noncommittal.
You were not hungry.
You were a venomous arachnid creature.
You visited 1 branch of the dungeon, and saw 4 of its levels.

You collected 159 gold pieces.

Inventory:

Hand Weapons
 f - a +0 dagger
Missiles
 a - 44 arrows
 m - 5 javelins (quivered)
Armour
 h - a +0 pair of gloves (melded)
 r - a +0 pair of boots (melded)
Jewellery
 c - an uncursed ring of positive energy
 e - an uncursed amulet of faith
 g - a ring of positive energy (left front leg)
 o - a ring of sustain attributes (right front leg)
Wands
 l - a wand of random effects (21)
Scrolls
 i - 2 scrolls of identify
 k - a scroll of noise
 q - 2 scrolls of teleportation
Potions
 p - 2 potions of curing
Books
 b - a book of Changes

   Spells                             Type                      Level
   a - Beastly Appendage              Transmutation                1
   b - Sticks to Snakes               Transmutation                2
   c - Spider Form                    Transmutation/Poison         3
   d - Ice Form                       Ice/Transmutation            4
   e - Blade Hands                    Transmutation                5
Comestibles
 d - 7 fruits
 j - a slice of pizza
 n - a meat ration


   Skills:
 + Level 4.7 Fighting
 - Level 2.1 Dodging
 - Level 3.0 Unarmed Combat
 - Level 2.0 Spellcasting
 * Level 6.6 Transmutations


You had 6 spell levels left.
You knew the following spells:

 Your Spells              Type           Power        Failure   Level  Hunger
a - Beastly Appendage     Trmt           ###...       6%          1    #......
b - Spider Form           Trmt/Pois      ##........   41%         3    ###....


Dungeon Overview and Level Annotations

Branches:
Dungeon (4/15)
 Temple: D:4-7

Altars:
Makhleb

Shops:
D:4 *

Annotations:
D:4 Dowan


Innate Abilities, Weirdness & Mutations

((You can breathe blasts of fire.))
((Your fiery red scales are hard (AC +6).))
Your body does not fit into most forms of armour.
((Your flesh is heat resistant.))
((You are cold-blooded and may be slowed by cold attacks.))


Message History

a short sword; a leather armour; the elf corpse of Duvessa Unknown command.
You hit Dowan.
Dowan is poisoned.
Dowan is lightly wounded.
Dowan barely misses you.
Dowan mumbles some strange words.
Dowan blinks!
Dowan casts a spell at you. The shard of ice misses you.
Dowan closely misses you.
You are too injured to fight recklessly!
You closely miss Dowan.
Dowan is moderately wounded.
Dowan barely misses you.
Dowan zaps a wand.
You feel as though you will be slow longer.
An adder comes into view.
You closely miss Dowan.
Dowan is moderately wounded.
Dowan casts a spell at you. The shard of ice hits you!
You die...

.........# #.#.##.##.# #.
#.......# #.#....##.# #.
######.## #.##.####.# #.
#.# ###.##..###.####. #†#
#................ #.#
#................ #.#
#............)...
#.########................
#.......)s................
##########e.....S.........
#......................
..$....................
....e..........
...............
...............
.............##
#.e..........#


You could see Dowan and an adder.

Vanquished Creatures
  Sigmund (D:3)
  Duvessa (D:4)
  A vampire bat (D:3)
  2 orc wizards (D:3)
  A centaur skeleton (D:4)
  A worker ant (D:4)
  Jessica (D:2)
  3 gnolls (D:3)
  6 adders
  3 worms
  5 giant geckos
  4 orcs (D:3)
  2 ball pythons (D:1)
  14 bats
  3 giant cockroaches
  11 goblins
  7 hobgoblins
  2 giant newts (D:2)
  8 kobolds
  A quokka (D:4)
  12 rats
89 creatures vanquished.

Notes
Turn   | Place    | Note
--------------------------------------------------------------
     0 | D:1      | vatarom the Draconian Transmuter began the quest for the Orb.
     0 | D:1      | Reached XP level 1. HP: 16/16 MP: 3/3
   117 | D:1      | Reached XP level 2. HP: 14/23 MP: 5/5
   861 | D:1      | Reached XP level 3. HP: 24/29 MP: 6/6
   915 | D:1      | Learned a level 3 spell: Spider Form
  1625 | D:2      | Reached XP level 4. HP: 25/37 MP: 4/7
  1651 | D:2      | Noticed Jessica
  1659 | D:2      | Killed Jessica
  1766 | D:2      | Reached skill level 4 in Transmutations
  2023 | D:3      | Reached XP level 5. HP: 8/44 MP: 2/8
  2340 | D:3      | Noticed Sigmund
  2351 | D:3      | Killed Sigmund
  2351 | D:3      | Reached skill level 5 in Transmutations
  2351 | D:3      | Reached XP level 6. HP: 38/52 MP: 6/9
  2375 | D:3      | Found a burning altar of Makhleb.
  2375 | D:3      | Noticed a cacodemon
  2422 | D:3      | Noticed an orange demon
  2422 | D:3      | Noticed a neqoxec
  2424 | D:3      | Became a worshipper of Makhleb the Destroyer
  3670 | D:3      | Reached skill level 6 in Transmutations
  3953 | D:4      | Found Mupep's Assorted Antiques.
  3999 | D:4      | Noticed Duvessa
  4002 | D:4      | Noticed Dowan
  4014 | D:4      | Killed Duvessa
  4014 | D:4      | Your scales start taking on a fiery red colour.
  4014 | D:4      | Gained mutation: Your flesh is heat resistant. [Red Draconian growth]
  4014 | D:4      | Reached XP level 7. HP: 23/60 MP: 6/10
  4019 | D:4      | Killed from afar by Dowan

Action                   |  1- 3 |  4- 6 |  7- 9 || total
-------------------------+-------+-------+-------++-------
Melee: Unarmed           |   164 |   139 |     3 ||   306
 Cast: Beastly Appendage |     5 |       |       ||     5
       Spider Form       |     5 |    15 |       ||    20
Evoke: Wand              |       |     4 |       ||     4
  Use: Scroll            |     5 |     4 |       ||     9
       Potion            |     3 |     2 |       ||     5
 Stab: Sleeping          |     3 |     1 |       ||     4
  Eat: Chunk             |     2 |     2 |       ||     4
       Bread ration      |     1 |     1 |       ||     2
       Fruit             |       |     1 |       ||     1
